 Dungeon Crawl Stone Soup version 0.19.3 (webtiles) character file.

2697 dngmouse the Basher (level 9, -1/106 HPs)
             Began as a Minotaur Fighter on Jan 23, 2017.
             Was a Believer of Okawaru.
             Slain by an ice devil (6 damage)
             ... summoned by a kobold demonologist
             ... on level 8 of the Dungeon.
             The game lasted 00:12:33 (5474 turns).

dngmouse the Basher (Minotaur Fighter)              Turns: 5474, Time: 00:12:34

Health: -1/106     AC:  8    Str: 25    XL:     9   Next: 38%
Magic:  6/8        EV:  2    Int:  7    God:    Okawaru [**....]
Gold:   396        SH: 12    Dex: 13    Spells: 0 memorised, 8 levels left

rFire  + . .     SeeInvis .     F - +0 flail (drain)
rCold  + . .     Gourm    .     (armour currently unavailable)
rNeg   + + +     Faith    .     c - +0 shield
rPois  +         Spirit   .     (helmet unavailable)
rElec  +         Reflect  .     (cloak currently unavailable)
rCorr  +         Harm     .     (gloves currently unavailable)
MR     .....     NoTele   +     (boots currently unavailable)
Stlth  +++.......               (no amulet)
                                r - +4 ring of strength
                                h - ring of positive energy

@: tree-form, resistant, heroism, corroded
A: (retaliatory headbutt), (horns 0), repulsion field 1, blink, clever 1
a: Blink, Heroism, Renounce Religion


You were on level 8 of the Dungeon.
You worshipped Okawaru.
Okawaru was pleased with you.
You were near starving.
You were a tree.
You visited 2 branches of the dungeon, and saw 9 of its levels.

You collected 396 gold pieces.

Inventory:

Hand Weapons
 a - a +0 flail
 F - a +0 flail of draining (weapon)
Armour
 b - a +0 pair of gloves (melded)
 c - a +0 shield (worn)
 i - a +0 chain mail (melded)
 z - a +1 hat
 H - a cursed +0 plate armour
Jewellery
 h - a ring of positive energy (left branch)
 r - a +4 ring of strength (right branch)
 E - an uncursed ring of flight
Wands
 C - a wand of polymorph (1/24)
Scrolls
 e - a scroll of recharging {unknown}
 k - 7 scrolls of remove curse
 l - a scroll of random uselessness {unknown}
 n - 4 scrolls of teleportation
 o - 8 scrolls of identify
 q - 2 scrolls of magic mapping {unknown}
 v - a scroll of amnesia {unknown}
 w - a scroll of enchant armour {unknown}
 x - a scroll of summoning {unknown}
 y - a scroll of enchant weapon {unknown}
 G - a scroll of noise {unknown}
Potions
 d - 4 potions of might
 j - 3 potions of curing
 p - a potion of flight
 B - a potion of resistance
Comestibles
 f - 6 bread rations
 g - 3 beef jerkies
 s - 2 fruits
 u - 7 slices of pizza
 A - a royal jelly
 D - a meat ration


   Skills:
 - Level 4.0(9.0) Fighting
 * Level 14.6(19.6) Maces & Flails
 - Level 3.6(8.6) Armour
 - Level 3.6(8.6) Shields


You had 8 spell levels left.
You didn't know any spells.

Dungeon Overview and Level Annotations

Branches:
Dungeon (8/15)             Temple (1/1) D:6
   Lair: D:8-11

Altars:
Cheibriados
Dithmenos
Fedhas
Gozag
Hepliaklqana
Kikubaaqudgha
Makhleb
Nemelex Xobeh
Okawaru
Qazlal
Ru
Sif Muna
Trog
Uskayaw
Vehumet
Xom
Zin
The Shining One

Shops:
D:7 *


Innate Abilities, Weirdness & Mutations

((You reflexively headbutt those who attack you in melee.))
((You have a pair of large horns on your head.))
You are surrounded by a mild repulsion field. (EV +2)
You can translocate small distances at will.
Your mind is acute. (Int +2)


Message History

The big kobold hits you but does no damage.
The rust devil hits you.
* * * LOW HITPOINT WARNING * * *
The quasit barely misses you.
The quasit claws you but does no damage.
The quasit barely misses you.
Evoke which item? (* to show all) (? for menu, Esc to quit)
Zapping:
C - a wand of polymorph (will waste charges)
Press: ? - help, Shift-Dir - straight line, f - rust devil
Aim: a rust devil (summoned, chance to defeat MR: 15%)
The rust devil resists with almost no effort.
Evoking this partially-identified wand wasted a few charges.
You block the orange demon's attack. The smoke demon gestures at you.
You block the sticky flame. You block the big kobold's attack.
The quasit bites you but does no damage.
The quasit barely misses you.
The quasit claws you but does no damage.
The ice devil hits you.
You die...

#<# #(# #.#
#.# .#)#
####5..#.
#5453.3..
#K4K4KK..
#♣34K.....
#45KK3....#
#.55......#
#.........#
#........
#........
#........
#########


You could see an orange demon, an ice devil, 3 rust devils, 4 kobold
demonologists, 3 smoke demons, a neqoxec, a big kobold, a quasit, a crimson imp,
2 white imps, a shadow imp, an ufetubus and 2 kobolds.

Vanquished Creatures
  The ghost of Thrillho the Carver, a novice OpFi (D:6)
  Grinder (D:4)
  3 hogs (D:7)
  A yak (D:7)
  A human (D:7)
  The ghost of markt42 the Conjurer, an amateur HECj (D:4)
  An ice beast (D:6)
  2 ogres
  2 phantoms
  2 centaurs (D:6)
  A big kobold (D:8)
  A bullfrog (D:6)
  A scorpion (D:6)
  4 crimson imps
  A jelly (D:6)
  2 centaur skeletons
  An orc priest (D:5)
  A hound (D:3)
  3 orc wizards (D:5)
  Jessica (D:2)
  A bullfrog skeleton (D:4)
  Ijyb (D:2)
  A worker ant (D:6)
  A howler monkey skeleton (D:5)
  8 adders
  An ooze (D:1)
  An adder zombie (D:5)
  3 worms (D:2)
  A dart slug (D:1)
  4 leopard geckos
  12 orcs
  6 giant cockroaches
  10 goblins
  2 hobgoblins
  7 jackals
  A quokka (D:2)
  3 ball pythons (D:4)
  2 bats
  9 frilled lizards
  A jackal skeleton (D:5)
  A jackal zombie (D:7)
  8 kobolds
  7 rats
122 creatures vanquished.

Vanquished Creatures (others)
  A quokka (D:8)
1 creature vanquished.

Grand Total: 123 creatures vanquished

Notes
Turn   | Place    | Note
-------+----------+-------------------------------------------
     0 | D:1      | dngmouse the Minotaur Fighter began the quest for the Orb.
     0 | D:1      | Reached XP level 1. HP: 19/19 MP: 0/0
   263 | D:1      | Reached XP level 2. HP: 27/27 MP: 1/1
   444 | D:1      | Reached skill level 3 in Maces & Flails
  1096 | D:2      | Reached XP level 3. HP: 33/33 MP: 2/2
  1101 | D:2      | Reached skill level 4 in Maces & Flails
  1122 | D:2      | Noticed Jessica
  1130 | D:2      | Killed Jessica
  1312 | D:2      | Reached XP level 4. HP: 40/40 MP: 3/3
  1361 | D:2      | Reached skill level 5 in Maces & Flails
  1635 | D:2      | Found a bloodstained altar of Trog.
  1657 | D:2      | Noticed Ijyb
  1666 | D:2      | Killed Ijyb
  1808 | D:3      | Reached skill level 6 in Maces & Flails
  1808 | D:3      | Reached XP level 5. HP: 43/46 MP: 4/4
  1831 | D:3      | Found a radiant altar of Vehumet.
  1840 | D:3      | Found a snail-covered altar of Cheibriados.
  1842 | D:3      | Found a glowing golden altar of the Shining One.
  2666 | D:4      | Noticed markt42's ghost (amateur HECj)
  2686 | D:4      | Gained mutation: You can translocate small distances at will. [potion of beneficial mutation]
  2694 | D:4      | Killed markt42's ghost
  2694 | D:4      | Reached skill level 7 in Maces & Flails
  2694 | D:4      | Reached XP level 6. HP: 52/52 MP: 5/5
  2845 | D:4      | Reached skill level 8 in Maces & Flails
  3081 | D:4      | Noticed Grinder
  3091 | D:4      | Killed Grinder
  3091 | D:4      | Reached skill level 9 in Maces & Flails
  3091 | D:4      | Reached XP level 7. HP: 56/59 MP: 6/6
  3477 | D:5      | Entered Level 5 of the Dungeon
  3485 | D:5      | Found a shadowy altar of Dithmenos.
  3550 | D:5      | Reached skill level 10 in Maces & Flails
  3593 | D:5      | Found an iron altar of Okawaru.
  3596 | D:5      | Became a worshipper of Warmaster Okawaru
  3789 | D:5      | Reached skill level 11 in Maces & Flails
  3789 | D:5      | Reached XP level 8. HP: 66/66 MP: 7/7
  4234 | D:6      | Reached * piety under Okawaru
  4270 | D:6      | Found a staircase to the Ecumenical Temple.
  4275 | Temple   | Entered the Ecumenical Temple
  4519 | D:6      | Reached skill level 12 in Maces & Flails
  4711 | D:6      | Noticed Thrillho's ghost (novice OpFi)
  4731 | D:6      | Killed Thrillho's ghost
  4731 | D:6      | Reached skill level 13 in Maces & Flails
  5149 | D:7      | Reached XP level 9. HP: 59/71 MP: 8/8
  5156 | D:7      | Reached ** piety under Okawaru
  5161 | D:7      | Reached skill level 14 in Maces & Flails
  5284 | D:7      | Found Ohekkoin's General Store.
  5292 | D:7      | Found a shimmering altar of Xom.
  5292 | D:7      | Found a shimmering altar of Xom.
  5292 | D:7      | Found a shimmering altar of Xom.
  5294 | D:7      | Found a shimmering altar of Xom.
  5294 | D:7      | Found a shimmering altar of Xom.
  5294 | D:7      | Found a shimmering altar of Xom.
  5452 | D:8      | Noticed a kobold demonologist
  5453 | D:8      | Noticed a kobold demonologist
  5453 | D:8      | Noticed a kobold demonologist
  5453 | D:8      | Noticed a kobold demonologist
  5462 | D:8      | Noticed an ice devil
  5463 | D:8      | Noticed an orange demon
  5464 | D:8      | Noticed a rust devil
  5466 | D:8      | Noticed a smoke demon
  5468 | D:8      | Noticed a smoke demon
  5470 | D:8      | Gained mutation: Your mind is acute. (Int +2) [potion of mutation]
  5470 | D:8      | Gained mutation: You have a pair of large horns on your head. [potion of mutation]
  5470 | D:8      | Gained mutation: You are surrounded by a mild repulsion field. (EV +2) [potion of mutation]
  5472 | D:8      | Noticed a rust devil
  5472 | D:8      | Noticed a rust devil
  5473 | D:8      | Noticed a smoke demon
  5473 | D:8      | HP: 5/106 [rust devil[a kobold demonologist] (4)]
  5474 | D:8      | Slain by an ice devil

Skill      XL: |  1  2  3  4  5  6  7  8  9 |
---------------+----------------------------+-----
Maces & Flails | 3 4 6 7 9 11 13 14 | 14.6
Fighting       | 4 |  4.0
Armour         | |  3.6
Shields        | |  3.6

Action                   |  1- 3 |  4- 6 |  7- 9 || total
-------------------------+-------+-------+-------++-------
Melee: Flail             |    55 |   145 |   196 ||   396
       Headbutt          |     5 |    33 |    41 ||    79
Invok: Heroism           |       |       |     1 ||     1
 Abil: Blink             |       |       |     1 ||     1
Evoke: Wand              |       |       |     1 ||     1
  Use: Potion            |       |     2 |    10 ||    12
       Scroll            |       |       |     5 ||     5
  Eat: Chunk             |     1 |     5 |     6 ||    12
       Fruit             |       |       |     1 ||     1
Armor: Scale mail        |     4 |       |       ||     4
       Chain mail        |    18 |    90 |    63 ||   171
       Skin              |       |       |    10 ||    10
Dodge: Dodged            |    10 |    33 |    36 ||    79
Block: Shield            |    25 |    67 |    95 ||   187
